 Dungeon Crawl Stone Soup version 0.30-a0-571-gdf30a72648 (webtiles) character file.

Game seed: 2065222513783284200

3101 ryw the Scholar of Death (level 10, 0/61 (71) HPs)
             Began as a Human Necromancer on Dec 29, 2022.
             Was a Follower of Kikubaaqudgha.
             Slain by a wraith (11 damage)
             ... on level 6 of the Dungeon.
             The game lasted 00:29:52 (8764 turns).

ryw the Scholar of Death (Human Necromancer)        Turns: 8764, Time: 00:29:53

HP:   0/61 (71)     AC:  2    Str:  8    XL:     10   Next: 13%
MP:   16/16         EV: 13    Int: 26    God:    Kikubaaqudgha [*.....]
Gold: 514           SH:  0    Dex: 14    Spells: 0/17 levels left

rFire   + . .      SeeInvis +    p - +2 whip of Frustration {pain, SInv}
rCold   . . .      Faith    .    (no shield)
rNeg    . . .      Spirit   .    a - +0 robe
rPois   .          Reflect  .    (no helmet)
rElec   .          Harm     .    (no cloak)
rCorr   .          Rampage  .    (no gloves)
Will    .....                    (no boots)
Stlth   ++                       (no amulet)
HPRegen 0.30/turn                q - ring of protection from fire
MPRegen 0.15/turn                j - +6 ring of intelligence

@: slowed, heavily drained, invisible, very slow
A: no striking features
a: Renounce Religion, Unearth Wretches


You were on level 6 of the Dungeon.
You worshipped Kikubaaqudgha.
Kikubaaqudgha was aware of your devotion.
You visited 2 branches of the dungeon, and saw 8 of its levels.

You collected 514 gold pieces.

Inventory:

Hand Weapons
 d - a +3 dagger of draining
 e - a +0 dagger
 m - a +4 dagger of draining
 p - the +2 whip of Frustration (weapon) {pain, SInv}
   (You found it on level 5 of the Dungeon)

   In the hands of one skilled in necromantic magic, it inflicts extra damage on
   living creatures.
   SInv:      It lets you see invisible.
Armour
 a - a +0 robe (worn)
 i - +0 steam dragon scales
 l - a +2 pair of gloves of stealth
 t - a +2 pair of gloves
Jewellery
 j - a +6 ring of intelligence (right hand)
 o - a ring of see invisible
 q - a ring of protection from fire (left hand)
 u - a +6 ring of strength
Wands
 b - a wand of mindburst (7)
 n - a wand of paralysis (1)
 s - a wand of flame (13)
Scrolls
 g - 5 scrolls of identify
Potions
 c - a potion of attraction
 k - a potion of flight
 r - a potion of magic


   Skills:
 + Level 4.0 Fighting
 - Level 3.0 Maces & Flails
 + Level 4.3 Dodging
 - Level 2.0 Stealth
 + Level 4.1 Spellcasting
 + Level 10.1 Necromancy
 + Level 0.6 Transmutations
 + Level 5.7 Ice Magic


You couldn't memorise any spells.
You knew the following spells:

 Your Spells              Type           Power      Damage    Failure   Level
a - Necrotise             Necr           100%       1d9       1%          1
b - Vampiric Draining     Necr           55%        2d9       1%          3
c - Animate Dead          Necr           55%        N/A       1%          4
d - Freeze                Ice            100%       1d10      1%          1
e - Agony                 Necr           55%        N/A       3%          5
f - Spider Form           Tmut/Pois      6%         N/A       22%         3

Your spell library contained the following spells:

 Spells                   Type           Power      Damage    Failure   Level
 Kiss of Death            Conj/Necr      100%       2d13      1%          1
 Frozen Ramparts          Ice            70%        1d11      2%          3
 Cigotuvi's Dreadful Rot  Necr/Pois/Air  44%        N/A       3%          2
 Ensorcelled Hibernation  Hex/Ice        40%        N/A       4%          2
 Beastly Appendage        Tmut           16%        N/A       7%          1
 Hailstorm                Conj/Ice       20%        3d6       8%          3
 Wereblood                Tmut           8%         N/A       10%         2
 Passwall                 Tmut/Erth      5%         N/A       11%         2
 Static Discharge         Conj/Air       10%        2-3/arc   13%         2
 Gell's Gravitas          Tloc           5%         N/A       26%         3
 Lesser Beckoning         Tloc           10%        N/A       26%         3
 Swiftness                Air            5%         N/A       26%         3
 Teleport Other           Tloc           5%         N/A       26%         3
 Vhi's Electric Charge    Tloc/Air       10%        N/A       26%         3
 Manifold Assault         Tloc           5%         N/A       63%         4
 Arcjolt                  Conj/Air       2%         1d12      93%         5
 Lightning Bolt           Conj/Air       2%         1d14      93%         5
 Dispersal                Tloc           2%         N/A       100%        6
 Disjunction              Tloc           2%         N/A       100%        8
 Maxwell's Capacitive Co  Air            2%         ∞         100%        8


Dungeon Overview and Level Annotations

Branches:
Dungeon (7/15)             Temple (1/1) D:5

Altars:
Cheibriados
Dithmenos
Elyvilon
Fedhas
Gozag
Hepliaklqana
Kikubaaqudgha
Makhleb
Okawaru
Qazlal
Ru
Trog
Uskayaw
Vehumet
Xom
Yredelemnul
Zin
The Shining One

Shops:
D:3 ?   D:4 *=

Annotations:
D:4 1 runed translucent door, experimilk's ghost, novice DrCj
D:5 2 transporters, sokol815's ghost, weakling KoDe


Message History

You feel as though you will be slow longer.
Aiming: Throw Flame
Press: ? - help, Shift-Dir - straight line, f/p - wraith
Aim: a wraith (moderately damaged, 68% to hit)
The puff of flame hits the wraith.
The wraith is moderately damaged.
The wraith barely misses you.
Aiming: Throw Flame
Press: ? - help, Shift-Dir - straight line, f/p - wraith
Aim: a wraith (moderately damaged, 68% to hit)
The puff of flame hits the wraith but does no damage.
The wraith is moderately damaged.
The wraith hits you.
* * * LOW HITPOINT WARNING * * *
The wraith hits you.
* * * LOW HITPOINT WARNING * * *
You feel better. The wraith barely misses you.
You feel better. The wraith hits you. x2
* * * LOW HITPOINT WARNING * * *
You fade into invisibility!
The wraith barely misses you.
You hit the wraith but do no damage.
The wraith is moderately damaged.
The wraith misses you.
You hit the wraith.
The wraith is heavily damaged.
The wraith closely misses you. The wraith completely misses you.
You hit the wraith.
The wraith is heavily damaged.
The wraith hits you but does no damage.
You hit the wraith but do no damage.
The wraith is heavily damaged.
The wraith hits you!
* * * LOW HITPOINT WARNING * * *
The wraith hits you but does no damage.
You hit the wraith but do no damage.
The wraith is heavily damaged.
The wraith hits you!
You die...
Kikubaaqudgha rasps: "You have failed me!
Welcome... death!"

### ##.# ##..### ##@....#
##### #W....## ##.#.#
#######....####....##
##...#.......##......#
#............#......## #
###
##..................####
###.##
#...........#..........
#....#
#........##.##.........
##....#
###...†....##............


You could see a wraith.

Vanquished Creatures
  A two-headed ogre (D:6)
  A steam dragon (D:7)
  An orc warrior (D:6)
  2 ice beasts
  A sky beast (D:6)
  3 black bears
  2 ogres
  A centaur (D:6)
  A kobold brigand (D:6)
  3 bullfrogs
  A necrophage (D:4)
  5 scorpions
  4 wights
  3 jellies
  3 hounds
  4 orc priests
  Ijyb (D:3)
  3 iguanas
  3 orc wizards
  4 gnolls (D:2)
  6 adders
  An ufetubus (D:7)
  2 worms
  A dart slug (D:3)
  23 orcs
  5 ball pythons
  5 bats
  4 endoplasms
  6 giant cockroaches
  6 goblins
  9 hobgoblins
  2 jackals (D:1)
  8 kobolds
  2 quokkas
  2 frilled lizards
  A rat (D:1)
130 creatures vanquished.

Vanquished Creatures (collateral kills)
  An adder (D:6)
  3 orcs
  An endoplasm (D:1)
5 creatures vanquished.

Vanquished Creatures (others)
  A two-headed ogre zombie (D:6)
  A centaur zombie (D:6)
  A bullfrog zombie (D:6)
  An orc zombie (D:6)
4 creatures vanquished.

Grand Total: 139 creatures vanquished

Notes
Turn   | Place    | Note
-------+----------+-------------------------------------------
     0 | D:1      | ryw the Human Necromancer began the quest for the Orb.
     0 | D:1      | Reached XP level 1. HP: 13/13 MP: 3/3
    22 | D:1      | Found Rusaf's Antique Armour Boutique.
    94 | D:1      | Reached XP level 2. HP: 19/19 MP: 0/5
   667 | D:1      | Reached XP level 3. HP: 24/24 MP: 3/6
   803 | D:1      | Learned a level 3 spell: Vampiric Draining
   872 | D:2      | Reached skill level 5 in Necromancy
   951 | D:2      | You fall into a shaft and drop 2 floors!
  1025 | D:4      | Found a burning altar of Makhleb.
  1196 | D:4      | Reached XP level 4. HP: 19/30 MP: 0/7
  1319 | D:4      | Found Zin's Purification Station.
  1322 | D:4      | Found a glowing silver altar of Zin.
  1657 | D:4      | Found a glowing golden altar of the Shining One.
  1738 | D:3      | Found a radiant altar of Vehumet.
  1825 | D:3      | Reached skill level 6 in Necromancy
  1825 | D:3      | Reached XP level 5. HP: 35/35 MP: 3/8
  2012 | D:2      | Learned a level 4 spell: Animate Dead
  2665 | D:3      | Reached XP level 6. HP: 41/41 MP: 4/9
  2665 | D:3      | Noticed Ijyb
  2677 | D:3      | Killed Ijyb
  2827 | D:3      | Reached skill level 7 in Necromancy
  2901 | D:3      | Found a hazy altar of Hepliaklqana.
  3022 | D:3      | Found Yfutae's Magic Scroll Shop.
  3288 | D:4      | Found Faoph's Jewellery Boutique.
  3587 | D:4      | Reached skill level 8 in Necromancy
  3587 | D:4      | Reached XP level 7. HP: 46/46 MP: 6/10
  3723 | D:4      | Found a runed translucent door.
  3724 | D:4      | Noticed experimilk's ghost (novice DrCj)
  3973 | D:4      | Learned a level 1 spell: Freeze
  3996 | D:4      | Reached skill level 1 in Ice Magic
  4384 | D:5      | Entered Level 5 of the Dungeon
  4603 | D:5      | Reached XP level 8. HP: 52/52 MP: 3/11
  4708 | D:5      | Found a shimmering altar of Xom.
  4708 | D:5      | Found a bloodstained altar of Trog.
  4738 | D:5      | Found a staircase to the Ecumenical Temple.
  4814 | Temple   | Entered the Ecumenical Temple
  4917 | Temple   | Became a worshipper of Kikubaaqudgha
  4991 | D:5      | Identified the +2 whip of Frustration {pain, SInv}
  5106 | D:5      | Noticed sokol815's ghost (weakling KoDe)
  5250 | D:5      | Found a transporter.
  5255 | D:5      | Found a transporter.
  5333 | D:5      | Reached skill level 1 in Maces & Flails
  5333 | D:5      | Reached skill level 9 in Necromancy
  6098 | D:6      | Reached skill level 1 in Fighting
  6210 | D:6      | Reached XP level 9. HP: 53/59 MP: 3/12
  6334 | D:6      | Found a shadowy altar of Dithmenos.
  6334 | D:6      | Found a blossoming altar of Fedhas.
  6423 | D:6      | Found a snail-covered altar of Cheibriados.
  6590 | D:6      | Noticed a two-headed ogre
  6602 | D:6      | Killed a two-headed ogre
  6605 | D:6      | Reached skill level 5 in Ice Magic
  6803 | D:6      | Reached * piety under Kikubaaqudgha
  6803 | D:6      | Received a gift from Kikubaaqudgha
  7278 | D:6      | Learned a level 5 spell: Agony
  7313 | D:6      | Reached skill level 10 in Necromancy
  7313 | D:6      | Reached XP level 10. HP: 49/71 MP: 1/15
  7778 | D:6      | Learned a level 3 spell: Spider Form
  7806 | D:7      | HP: 2/61 [wight/+0 flail (10)]
  7818 | D:6      | HP: 2/61 [wight/+0 flail (11)]
  8746 | D:7      | Noticed a skeletal warrior
  8764 | D:6      | Slain by a wraith

Illustrated notes

Levels and vault maps discovered:
D:1:      minmay_arrival_diagonal_passages, layout_rooms, serial_shops, shop
D:2:      layout_rooms
D:3:      layout_basic, fiery_altar_vehumet, nicolae_hepliaklqana_hippocampus,
          serial_shops, nicolae_shop_window_shopping, serial_bayou_pond_e,
          kennysheep_path_1, minmay_misc_feat_diagonals, uniq_ijyb
D:4:      minmay_door_path, layout_basic, mainiacjoe_overflow_cross_hatched,
          zin_purify, mainiacjoe_overflow_six_doors_small, serial_shops,
          shop_statue, ebering_ghost_sewer_d
D:5:      layout_loops_ring, nicolae_overflow_two_pavilions,
          minmay_temple_entry_sparse_star, gammafunk_ghost_hive
D:6:      layout_cave_pools, mainiacjoe_overflow_alcove_4,
          gammafunk_temple_overflow_wave, nzn_random_ring
D:7:      layout_rooms, minmay_guarded_unrand_finisher
Temple:   nicolae_temple_colour_theory

Skill      XL: |  1  2  3  4  5  6  7  8  9 10 |
---------------+-------------------------------+-----
Necromancy     | 5 6 8 9 10 | 10.1
Ice Magic      | 2 4 5 |  5.7
Maces & Flails | 2 3 |  3.0
Fighting       | 1 3 4 |  4.0
Dodging        | 4 |  4.3
Spellcasting   | 3 4 |  4.1
Stealth        | |  2.0
Transmutations | |  0.6

Action                   |  1- 3 |  4- 6 |  7- 9 | 10-12 || total
-------------------------+-------+-------+-------+-------++-------
Melee: Dagger            |     4 |    15 |     8 |       ||    27
       Whip              |       |       |    62 |    20 ||    82
       Punch             |       |       |     1 |       ||     1
       Unarmed           |       |       |       |    10 ||    10
 Cast: Necrotise         |    49 |    89 |   113 |     7 ||   258
       Vampiric Draining |       |     6 |    12 |     4 ||    22
       Freeze            |       |       |     9 |     2 ||    11
       Animate Dead      |       |       |     6 |       ||     6
       Agony             |       |       |     2 |       ||     2
       Spider Form       |       |       |       |     3 ||     3
Evoke: Wand              |       |       |       |    18 ||    18
  Use: Scroll            |     3 |     5 |     5 |     1 ||    14
       Potion            |       |     5 |     4 |     5 ||    14
 Stab: Invisible         |       |       |       |     1 ||     1
Armor: Robe              |     3 |     8 |    31 |     3 ||    45
       Skin              |       |       |    18 |       ||    18
Dodge: Dodged            |     9 |    37 |    94 |    39 ||   179

Table legend: (Time is in decaauts)
 A = Elapsed time spent in this place.
 B = Non-inter-level travel time spent in this place.
 C = Inter-level travel time spent in this place.
 D = Time resting spent in this place.
 E = Time spent auto-exploring this place.
 F = Levels seen in this place.
 G = Mean time per level.
                   A        B        C        D        E       F      G
               +--------+--------+--------+--------+--------+-----+--------+
         Total |   8770 |   8426 |    344 |   1667 |   5139 |   8 | 1096.2 |
       Dungeon |   8658 |   8339 |    319 |   1667 |   5075 |   7 | 1236.9 |
        Temple |    111 |     86 |     25 |      0 |     64 |   1 |  111.0 |
               +--------+--------+--------+--------+--------+-----+--------+

Top non-repeatable levels by time:
     D:6: 2104 daAuts
     D:4: 1868 daAuts
     D:5: 1225 daAuts
     D:3: 952 daAuts
     D:7: 943 daAuts
     D:1: 859 daAuts
     D:2: 704 daAuts
  Temple: 111 daAuts
